 Seeded DCSS version 0.30.1 (webtiles) character file.

Game seed: 6351066067085065685 (custom seed)

500 Esekla the Grave Robber (level 6, -7/32 HPs)
             Began as a Deep Elf Necromancer on July 6, 2023.
             Was a Follower of Vehumet.
             Mangled by a gnoll
             ... wielding a +0 flail
              (12 damage)
             ... on level 4 of the Dungeon.
             The game lasted 00:17:51 (3716 turns).

Esekla the Grave Robber (Deep Elf Necromancer)      Turns: 3716, Time: 00:17:52

Health: -7/32      AC:  4    Str:  5    XL:     6   Next: 94%
Magic:  16/16      EV: 14    Int: 22    God:    Vehumet [*.....]
Gold:   195        SH:  0    Dex: 18    Spells: 8/15 levels left

rFire   . . .        a - +5 rapier of the Hero {heavy, rN+ Dex+3}
rCold   . . .        (no shield)
rNeg    + . .        k - +0 robe
rPois   .            v - +0 helmet
rElec   .            (no cloak)
rCorr   .            i - +0 pair of gloves
SInv    .            (no boots)
Will    .....        B - amulet of magic regeneration
Stlth   +++          (no ring)
HPRegen 0.25/turn    (no ring)
MPRegen 0.55/turn

%: no passive effects
@: no status effects
A: no striking features
a: Renounce Religion


You were on level 4 of the Dungeon.
You worshipped Vehumet.
Vehumet was aware of your devotion.
You visited 1 branch of the dungeon, and saw 5 of its levels.

You collected 195 gold pieces.

Inventory:

Hand Weapons
 a - the +5 rapier of the Hero (weapon) {heavy, rN+ Dex+3}
   (You found it on level 3 of the Dungeon)

   Dex:       It affects your dexterity (+3).
   rN:        It protects you from negative energy.
 r - a +0 spear
 z - a +2 vampiric dagger
Missiles
 t - 9 poisoned darts (quivered)
Armour
 i - a +0 pair of gloves (worn)
 k - a +0 robe (worn)
 v - a +0 helmet (worn)
Jewellery
 B - an amulet of magic regeneration (around neck)
Wands
 c - a wand of roots (9)
 D - a wand of flame (15)
Scrolls
 e - 2 scrolls of fear {unknown}
 f - 5 scrolls of identify {unknown}
 j - a scroll of immolation {unknown}
 l - a scroll of blinking {unknown}
 m - 2 scrolls of amnesia {unknown}
 n - 2 scrolls of enchant weapon {unknown}
 o - a scroll of enchant armour {unknown}
 u - a scroll of fog {unknown}
 w - a scroll of summoning {unknown}
 y - a scroll of silence {unknown}
 A - a scroll of magic mapping {unknown}
Potions
 b - a potion of magic
 d - a potion of ambrosia {unknown}
 g - 2 potions of attraction {unknown}
 h - 3 potions of curing {unknown}
 p - a potion of haste {unknown}
 q - a potion of heal wounds {unknown}
 s - 3 potions of brilliance {unknown}
 x - a potion of mutation {unknown}
 C - a potion of lignification {unknown}


   Skills:
 + Level 2.2 Short Blades
 * Level 4.1 Dodging
 + Level 4.4 Stealth
 * Level 5.3 Spellcasting
 * Level 6.7 Necromancy
 * Level 1.6 Translocations


You had 8 spell levels left.
You knew the following spells:

 Your Spells              Type           Power      Damage    Failure   Level
a - Necrotise             Necr           100%       1d9       1%          1
d - Vampiric Draining     Necr           35%        2d8       1%          3
t - Teleport Other        Tloc           13%        N/A       14%         3

Your spell library contained the following spells:

 Spells                   Type           Power      Damage    Failure   Level
 Sandblast                Erth           10%        2d5       10%         1
 Animate Dead             Necr           35%        N/A       6%          4
 Lesser Beckoning         Tloc           26%        N/A       8%          2
 Gell's Gravitas          Tloc           13%        N/A       14%         3
 Agony                    Necr           35%        N/A       17%         5
 Spider Form              Tmut/Pois      5%         N/A       28%         3
 Cause Fear               Hex            2%         N/A       67%         4
 Summon Mana Viper        Hex/Summ       5%         N/A       95%         5


Dungeon Overview and Level Annotations

Branches:
Dungeon (5/15)
 Temple: D:4-7

Altars:
Dithmenos
Hepliaklqana
Okawaru
Qazlal
Trog
Vehumet
Zin
The Shining One

Shops:
D:2 =   D:4 (


Message History

There is a stone staircase leading up here.
You start putting on your amulet.
You continue putting on your amulet of magic regeneration. x5
You finish putting on your amulet of magic regeneration.
The amulet cannot attune itself to your exhausted body.
B - an amulet of magic regeneration (around neck)
There is an escape hatch in the ceiling here.
You start resting.
Magic restored.
Your amulet attunes itself to your body and you begin to regenerate magic more quickly.
You start resting.
HP restored.
A mysterious force pulls you upwards.
The hatch slams shut behind you. 2 gnolls come into view.
A gnoll comes into view. It is wielding a +0 spear.
The gnoll barely misses you.
You hit the gnoll.
The gnoll is heavily wounded.
The gnoll completely misses you. The gnoll hits you with a +0 spear.
You puncture the gnoll!
You kill the gnoll!
Vehumet accepts your kill.
You open the door.
A gnoll comes into view. It is wielding a +0 club.
There is an open door here.
The gnoll shouts! x3
The gnoll hits you from afar with a +0 halberd!
The gnoll hits you but does no damage. The gnoll closely misses you.
You completely miss the gnoll. You punch the gnoll.
The gnoll is lightly wounded.
The gnoll misses you. The gnoll hits you but does no damage.
The gnoll hits you with a +0 flail. The gnoll barely misses you. x2
The gnoll hits you from afar with a +0 halberd!
* * * LOW HITPOINT WARNING * * *
The gnoll attacks as you move away! The gnoll misses you.
Casting: Vampiric Draining (safe; 1% risk of failure)
Confirm with . or Enter, or press ? or * to list all spells.
Okay, then.
The gnoll attacks as you move away! The gnoll hits you with a +0 flail!
You die...

####### #.....#
#.###.# #.# #.# #.#
#.# #.# #.# #.# #.###
#####'###...#
#..g@....##.# ####
#...g....##.######...
#.g......##)##.......
#...........##.......
##...........##.......
#............##.......
#............##.......
#.............#.....##
#.............####'###


You could see 3 gnolls.

Vanquished Creatures
  A black bear (D:2)
  2 scorpions (D:5)
  A gnoll bouda (D:4)
  A hound (D:3)
  A sleepcap (D:5)
  An iguana (D:2)
  5 gnolls
  6 adders
  A white imp (D:5)
  A worm (D:4)
  3 dart slugs
  8 orcs
  6 ball pythons
  4 bats
  4 endoplasms
  8 goblins
  5 hobgoblins
  A quokka (D:1)
  4 frilled lizards
  5 kobolds
  A rat (D:2)
69 creatures vanquished.

Notes
Turn   | Place    | Note
-------+----------+-------------------------------------------
     0 | D:1      | Esekla the Deep Elf Necromancer began the quest for the
                  | Orb.
     0 | D:1      | Reached XP level 1. HP: 10/10 MP: 6/6
   124 | D:1      | Reached skill level 5 in Necromancy
   142 | D:1      | Reached XP level 2. HP: 13/15 MP: 8/8
   254 | D:4      | Found a radiant altar of Vehumet.
   258 | D:4      | Became a worshipper of Vehumet
   412 | D:3      | Identified the +5 rapier of the Hero {heavy, rN+ Dex+3}
   431 | D:2      | Found Renulab's Jewellery Shop.
   832 | D:4      | Found Ponaysk's Antique Weapon Boutique.
   867 | D:4      | Reached XP level 3. HP: 19/19 MP: 9/9
   871 | D:4      | Learned a level 3 spell: Vampiric Draining
  1096 | D:3      | Found a stormy altar of Qazlal.
  1115 | D:3      | Reached skill level 1 in Short Blades
  1115 | D:3      | Reached XP level 4. HP: 21/24 MP: 0/11
  1213 | D:3      | Found a hazy altar of Hepliaklqana.
  1213 | D:3      | Found a bloodstained altar of Trog.
  1672 | D:1      | Reached * piety under Vehumet
  1672 | D:1      | Offered knowledge of Sandblast by Vehumet.
  1809 | D:2      | Found a faded altar of an unknown god.
  1989 | D:2      | Reached XP level 5. HP: 26/28 MP: 8/12
  2062 | D:2      | Learned a level 3 spell: Teleport Other
  2169 | D:2      | Noticed a black bear
  2180 | D:2      | Killed a black bear
  2181 | D:2      | Reached skill level 6 in Necromancy
  2626 | D:4      | Found an iron altar of Okawaru.
  2640 | D:4      | Found a glowing silver altar of Zin.
  2677 | D:4      | Reached skill level 1 in Translocations
  2694 | D:4      | Reached XP level 6. HP: 28/32 MP: 10/14
  2812 | D:4      | Found a glowing golden altar of the Shining One.
  2899 | D:5      | Entered Level 5 of the Dungeon
  2907 | D:5      | Got the Parchment of the Lumpy Olives
  2924 | D:5      | Found a shadowy altar of Dithmenos.
  2989 | D:5      | Reached skill level 5 in Spellcasting
  3716 | D:4      | Mangled by a gnoll

Illustrated notes

Levels and vault maps discovered:
D:1:      sevenhm_arrival_forest_fort_small_3, layout_rooms,
          chequers_serial_rivers_room_b, minmay_misc_feat_five
D:2:      layout_loops_ring, dreamdust_ecumenical_altar_angels_and_demons,
          serial_shops, shop
D:3:      layout_basic, grunt_temple_overflow_open, minmay_misc_feat_iff
D:4:      layout_basic, nicolae_overflow_quartered_altars, serial_shops,
          nicolae_diamond_shop
D:5:      layout_loops_ring, lemuel_doored_altar, minmay_misc_feat_rows,
          dreamdust_wishing_well

Skill      XL: |  1  2  3  4  5  6 |
---------------+-------------------+-----
Necromancy     | 5 6 |  6.7
Dodging        | 3 4 |  4.1
Stealth        | 3 4 |  4.4
Short Blades   | 1 2 |  2.2
Spellcasting   | 4 5 |  5.3
Translocations | 1 |  1.6

Action                     |  1- 3 |  4- 6 || total
---------------------------+-------+-------++-------
  Melee: Short sword       |    31 |       ||    31
         Unarmed           |     9 |       ||     9
         Punch             |     2 |     2 ||     4
         Rapier            |    25 |    64 ||    89
  Throw: Dart              |       |     3 ||     3
   Cast: Vampiric Draining |     3 |    19 ||    22
   Stab: Sleeping          |     6 |     9 ||    15
 Armour: Robe              |    16 |    13 ||    29
  Dodge: Dodged            |    42 |    51 ||    93
